 Dungeon Crawl Stone Soup version 0.30-a0-374-g95c0257040 (webtiles) character file.

Game seed: 2225503689781666573

9100 oldriver the Thaumaturge (level 11, -2/77 HPs)
             Began as a Mummy Necromancer on Nov 25, 2022.
             Was a Believer of Hepliaklqana.
             Slain by a skeletal warrior
             ... wielding a +0 long sword
              (22 damage)
             ... on level 9 of the Dungeon.
             The game lasted 00:16:41 (9475 turns).

oldriver the Thaumaturge (Mummy Necromancer)        Turns: 9475, Time: 00:16:41

Health: -2/77      AC: 10    Str: 12    XL:     11   Next: 18%
Magic:  34/34      EV: 12    Int: 19    God:    Hepliaklqana [**....]
Gold:   679        SH:  0    Dex: 13    Spells: 19/30 levels left

rFire   . . .      SeeInvis .    p - +5 trident of Impatience {protect, Fly rElec rN++ Str-4}
rCold   + . .      Faith    +    (no shield)
rNeg    + + +      Spirit   .    j - +0 troll leather armour
rPois   ∞          Reflect  .    f - +1 helmet of the Blue Moon {rPois rF+}
rElec   +          Harm     .    (no cloak)
rCorr   +          Rampage  .    (no gloves)
Will    ++...                    (no boots)
Stlth   ++........               o - amulet of magic regeneration
HPRegen 1.12/turn                i - ring of Obsession {Will+ rCorr MP+9}
MPRegen 0.64/turn                g - ring "Qixtac" {AC+4 Str+5 Slay+5}

@: about to teleport, flying
A: reduced essence, cold resistance 1, negative energy resistance 3, torment
resistance 2, heat vulnerability 1, in touch with death 1, no potions, faith
a: Renounce Religion, Recall Ancestor, Ancestor Identity


You were on level 9 of the Dungeon.
You worshipped Hepliaklqana.
Hepliaklqana was pleased with you.
You visited 2 branches of the dungeon, and saw 11 of its levels.
You also visited: Bailey.

You collected 679 gold pieces.

Inventory:

Hand Weapons
 p - the +5 trident of Impatience (weapon) {protect, Fly rElec rN++ Str-4}
   (You found it on level 5 of the Dungeon)

   It grants its wielder temporary protection when it strikes (+7 to AC).
   Str:       It affects your strength (-4).
   rElec:     It insulates you from electricity.
   rN:        It greatly protects you from negative energy.
   Fly:       It grants you flight.
Armour
 f - the +1 helmet of the Blue Moon (worn) {rPois rF+}
   (You acquired it on level 5 of the Dungeon)

   rF:        It protects you from fire.
   rPois:     It protects you from poison.
 j - a +0 troll leather armour (worn)
Jewellery
 g - the ring "Qixtac" (right hand) {AC+4 Str+5 Slay+5}
   (You acquired it on level 7 of the Dungeon)

   [ring of protection]

   AC:        It affects your AC (+4).
   Str:       It affects your strength (+5).
   Slay:      It affects your accuracy & damage with ranged weapons and melee
   (+5).
 i - the ring of Obsession (left hand) {Will+ rCorr MP+9}
   (You found it on level 2 of the Dungeon)

   [ring of magical power]

   MP:        It affects your magic capacity (+9).
   rCorr:     It protects you from acid and corrosion.
   Will:      It increases your willpower.
 l - a +4 ring of evasion
 n - the ring "Icang" {Wiz rF++ rN+ Str+4}
   (You acquired it on level 9 of the Dungeon)

   [ring of wizardry]

   It improves your spell success rate.
   Str:       It affects your strength (+4).
   rF:        It greatly protects you from fire.
   rN:        It protects you from negative energy.
 o - an amulet of magic regeneration (around neck)
 q - a ring of willpower
Wands
 e - a wand of flame (9)
Scrolls
 a - 3 scrolls of blinking
 b - 4 scrolls of teleportation
 c - 3 scrolls of enchant weapon
 d - 2 scrolls of silence
 h - 2 scrolls of butterflies
 k - 2 scrolls of fear {unknown}
 m - a scroll of enchant armour {unknown}
 r - a scroll of identify
 s - a scroll of amnesia {unknown}


   Skills:
 + Level 8.1 Fighting
 * Level 8.3 Polearms
 - Level 1.4 Ranged Weapons
 - Level 3.0 Armour
 - Level 3.0 Dodging
 - Level 3.0 Stealth
 + Level 10.3 Spellcasting
 - Level 5.0 Necromancy
 + Level 4.1 Ice Magic


You had 19 spell levels left.
You knew the following spells:

 Your Spells              Type           Power      Damage    Failure   Level
a - Necrotise             Necr           100%       1d9       1%          1
b - Vampiric Draining     Necr           43%        2d9       3%          3
c - Animate Dead          Necr           43%        N/A       12%         4
d - Ozocubu's Armour      Ice            25%        N/A       4%          3

Your spell library contained the following spells:

 Spells                   Type           Power      Damage    Failure   Level
 Gell's Gravitas          Tloc           9%         N/A       28%         3
 Inner Flame              Hex/Fire       9%         N/A       28%         3
 Lesser Beckoning         Tloc           18%        N/A       28%         3
 Teleport Other           Tloc           9%         N/A       28%         3
 Agony                    Necr           43%        N/A       32%         5
 Airstrike                Air            4%         2d(1-17)  67%         4
 Cause Fear               Hex            4%         N/A       67%         4
 Flame Wave               Conj/Fire      9%         2d6       67%         4
 Sticky Flame             Conj/Fire      9%         2d3       67%         4
 Summon Lightning Spire   Summ/Air       9%         N/A       67%         4
 Metabolic Englaciation   Hex/Ice        8%         N/A       73%         5
 Simulacrum               Ice/Necr       20%        N/A       91%         6
 Lightning Bolt           Conj/Air       4%         1d16      95%         5
 Dragon's Call            Summ           4%         N/A       100%        9
 Dragon Form              Tmut           Unusable   N/A       N/A         7

Dungeon Overview and Level Annotations

Branches:
Dungeon (10/15)            Temple (1/1) D:6             Orc (0/2) D:9
 Bailey (visited)
   Lair: D:8-11

Altars:
Ashenzari
Cheibriados
Dithmenos
Fedhas
Gozag
Hepliaklqana
Kikubaaqudgha
Makhleb
Nemelex Xobeh
Okawaru
Qazlal
Ru
Sif Muna
Trog
Uskayaw
Vehumet
Wu Jian
Xom
Yredelemnul

Shops:
D:1 (

Annotations:
D:3 2 transporters, indyram44's ghost, amateur DsFi


Innate Abilities, Weirdness & Mutations

Your life essence is reduced to manifest your ancestor. (-10% HP)
You are immune to poison.
Your flesh is cold resistant. (rC+)
You are immune to negative energy. (rN+++)
You are immune to unholy pain and torment.
You are vulnerable to heat. (rF-)
You are in touch with the powers of death.
You do not drink.
You have a special connection with the divine. (Faith)


Message History

The skeletal warrior attacks as you move away!
The skeletal warrior hits you with a +0 mace.
The skeletal warrior attacks as you move away!
The skeletal warrior hits you with a +0 mace!
Audrea hits the skeletal warrior with a +0 quarterstaff.
The skeletal warrior attacks as you move away!
The skeletal warrior hits you with a +0 mace.
You barely miss the skeletal warrior.
The skeletal warrior is lightly damaged.
The skeletal warrior hits you but does no damage.
You hit the skeletal warrior.
Your weapon exudes an aura of protection.
The skeletal warrior is lightly damaged.
Audrea hits the skeletal warrior with a +0 quarterstaff!
You hit the skeletal warrior but do no damage.
The skeletal warrior is moderately damaged.
The skeletal warrior hits you with a +0 mace.
Something hits Audrea!!
Audrea hits the skeletal warrior but does no damage.
You hit the skeletal warrior.
The skeletal warrior is moderately damaged.
Something hits Audrea!!
Audrea is destroyed!
The skeletal warrior hits you with a +0 mace!
You completely miss the skeletal warrior.
The skeletal warrior is moderately damaged.
The skeletal warrior completely misses you.
The skeletal warrior hits you with a +0 mace.
The skeletal warrior hits you with a +0 mace!
The skeletal warrior attacks as you move away!
The skeletal warrior hits you but does no damage.
The skeletal warrior attacks as you move away!
The skeletal warrior misses you.
The skeletal warrior attacks as you move away!
The skeletal warrior hits you with a +0 long sword!
* * * LOW HITPOINT WARNING * * *
As you read the scroll of teleportation, it crumbles to dust.
You feel strangely unstable.
The skeletal warrior hits you with a +0 long sword!!
You die...

#......#....#.....#..
..
.......#....#.....###
#.........#....#...}.#
........#............#
#
#...#####.......######
# #...............# #
...........######
#.#....###.#
.......@zzz#
.......##### .......
....... .......
#.#.... # ..... ......


You could see 3 skeletal warriors.

Vanquished Creatures
  A two-headed ogre (D:8)
  Eustachio (D:6)
  19 yaks
  2 sky beasts (D:7)
  2 water moccasins
  An ice beast (D:8)
  17 orc warriors
  A black bear (D:5)
  2 centaurs
  A kobold brigand (D:9)
  2 necrophages
  2 scorpions
  3 jellies (D:6)
  3 howler monkeys
  4 hounds
  4 orc priests
  A gnoll bouda (D:4)
  3 iguanas
  10 orc wizards
  8 adders
  12 gnolls
  2 shadow imps
  A white imp (D:6)
  3 worms
  5 dart slugs
  36 orcs
  5 endoplasms
  5 giant cockroaches
  13 hobgoblins
  6 quokkas
  5 ball pythons
  7 bats
  4 frilled lizards
  14 goblins
  10 kobolds
  4 rats
219 creatures vanquished.

Vanquished Creatures (collateral kills)
  A troll (D:9)
  A hornet (D:9)
  A shadow (D:9)
  3 yaks (D:9)
  A culicivora (shapeshifter) (D:9)
  A wraith (D:9)
  2 orc warriors (Bailey)
  2 bullfrogs (D:9)
  2 howler monkeys (D:9)
  An orc priest (D:9)
  2 orc wizards (D:9)
  2 gnolls (Bailey)
  12 orcs
  A bat (D:9)
  A kobold (D:9)
  2 goblins (Bailey)
35 creatures vanquished.

Vanquished Creatures (others)
  3 yak zombies (D:9)
  3 battlemagi (D:9)
  6 orc zombies
  4 ancestors (Bailey)
  6 plants (D:2)
22 creatures vanquished.

Grand Total: 276 creatures vanquished

Notes
Turn   | Place    | Note
-------+----------+-------------------------------------------
     0 | D:1      | oldriver the Mummy Necromancer began the quest for the Orb.
     0 | D:1      | Reached XP level 1. HP: 13/13 MP: 4/4
    37 | D:1      | Reached skill level 3 in Spellcasting
    91 | D:1      | Found Iwighei's Weapon Emporium.
   320 | D:1      | Reached XP level 2. HP: 20/20 MP: 4/6
   630 | D:1      | Reached skill level 1 in Fighting
  1370 | D:2      | Gained mutation: You are in touch with the powers of death.
                  | [Mummy growth]
  1370 | D:2      | Reached XP level 3. HP: 23/26 MP: 0/8
  1626 | D:2      | Reached skill level 4 in Spellcasting
  2174 | D:2      | Identified the ring of Obsession {Will+ rCorr MP+9}
  2313 | D:2      | Reached XP level 4. HP: 34/34 MP: 7/10
  2360 | D:2      | Found a faded altar of an unknown god.
  2480 | D:2      | Learned a level 3 spell: Vampiric Draining
  2485 | D:2      | Learned a level 4 spell: Animate Dead
  2490 | D:3      | Found a broken altar of Ashenzari.
  2491 | D:3      | Noticed a necrophage
  2511 | D:3      | Found a transporter.
  2514 | D:3      | Noticed indyram44's ghost (amateur DsFi)
  2514 | D:3      | Noticed an ogre
  2515 | D:3      | Noticed an ogre
  2721 | D:3      | Found a transporter.
  2758 | D:3      | Learned a level 3 spell: Ozocubu's Armour
  3171 | D:3      | Killed a necrophage
  3172 | D:3      | Reached skill level 5 in Spellcasting
  3172 | D:3      | Reached XP level 5. HP: 35/41 MP: 12/12
  3718 | D:4      | Reached skill level 1 in Ranged Weapons
  3718 | D:4      | Reached XP level 6. HP: 43/48 MP: 14/14
  4223 | D:5      | Entered Level 5 of the Dungeon
  4302 | D:5      | Identified the +5 trident of Impatience {protect, Fly rElec
                  | rN++ Str-4}
  4312 | D:5      | Identified a scroll of acquirement
  4312 | D:5      | Acquired the +1 helmet of the Blue Moon {rPois rF+}
  4478 | D:5      | Reached skill level 6 in Spellcasting
  4688 | D:6      | Noticed a water moccasin
  4688 | D:6      | Noticed an orc warrior
  4699 | D:5      | Reached skill level 1 in Polearms
  4699 | D:5      | Reached skill level 1 in Armour
  4699 | D:5      | Reached XP level 7. HP: 44/54 MP: 16/16
  5053 | D:6      | Reached XP level 8. HP: 61/61 MP: 17/17
  5126 | D:6      | Found a staircase to the Ecumenical Temple.
  5421 | Temple   | Entered the Ecumenical Temple
  5486 | Temple   | Became a worshipper of Hepliaklqana the Forgotten
  5658 | D:6      | Found a sparkling altar of Nemelex Xobeh.
  5658 | D:6      | Found a snail-covered altar of Cheibriados.
  5658 | D:6      | Noticed Eustachio
  5666 | D:6      | Killed Eustachio
  5736 | D:6      | Found a faded altar of an unknown god.
  5738 | D:6      | Found a blossoming altar of Fedhas.
  5947 | D:7      | Reached skill level 5 in Fighting
  6016 | D:7      | Reached skill level 7 in Spellcasting
  6096 | D:7      | Found a flagged portal.
  6120 | Bailey   | Entered a bailey
  6204 | Bailey   | Reached skill level 5 in Necromancy
  6417 | Bailey   | Reached * piety under Hepliaklqana
  6438 | Bailey   | Reached XP level 9. HP: 61/61 MP: 20/20
  6786 | Bailey   | Reached skill level 5 in Polearms
  6812 | Bailey   | Identified the +5 quarterstaff of Traps {pain, rPois rF+
                  | Dex+2 Stlth-}
  6838 | Bailey   | Reached skill level 8 in Spellcasting
  6989 | Bailey   | Noticed an orc warlord
  7363 | D:7      | Acquired the ring "Qixtac" {AC+4 Str+5 Slay+5}
  7369 | D:7      | Reached skill level 1 in Ice Magic
  7602 | D:8      | Reached XP level 10. HP: 65/69 MP: 22/22
  7741 | D:8      | Noticed a two-headed ogre
  7765 | D:8      | Killed a two-headed ogre
  7766 | D:8      | Reached skill level 9 in Spellcasting
  8223 | D:8      | Reached ** piety under Hepliaklqana
  8396 | D:8      | Remembered your ancestor Audrea as a battlemage
  8418 | D:9      | Acquired the ring "Icang" {Wiz rF++ rN+ Str+4}
  8849 | D:9      | Reached skill level 10 in Spellcasting
  8864 | D:9      | Reached XP level 11. HP: 67/77 MP: 25/25
  8875 | D:9      | Found a staircase to the Orcish Mines.
  9020 | D:9      | You are sucked into a shaft and drop 1 floor!
  9020 | D:10     | Entered Level 10 of the Dungeon
  9069 | D:9      | Noticed a skeletal warrior
  9083 | D:9      | Noticed a skeletal warrior
  9084 | D:9      | Noticed a skeletal warrior
  9340 | D:9      | Found an iron altar of Okawaru.
  9475 | D:9      | Slain by a skeletal warrior

Illustrated notes

Levels and vault maps discovered:
D:1:      giann_horns, layout_basic, serial_shops, shop, minmay_crystal_water
D:2:      minmay_evil_eye, layout_loops_cross,
          dilly_ecumenical_altar_fadedgnrine, kennysheep_boxes
D:3:      layout_loops_ring, nicolae_ashenzari_panopticon, gammafunk_ghost_smash
D:4:      minmay_angry_zag, layout_basic
D:5:      layout_rooms
D:6:      layout_loops_ring, chequers_temple_overflow_minitemple,
          minmay_temple_entry_tees, uniq_eustachio
D:7:      layout_rooms, enter_bailey_4
D:8:      layout_loops_ring, moated_statue
D:9:      due_megacathedral, layout_basic, kennysheep_mini_moat, orc_0_dummy,
          grunt_potential
D:10:     minmay_inner_zag, layout_irregular_city, lair_entry_dummy,
          minmay_misc_feat_square
Temple:   nicolae_temple_superstar

Skill      XL: |  1  2  3  4  5  6  7  8  9 10 11 |
---------------+----------------------------------+-----
Spellcasting   | 3 4 5 6 7 8 10 | 10.3
Fighting       | 1 2 3 4 5 6 7 8 |  8.1
Ranged Weapons | 1 |  1.4
Stealth        | 2 3 |  3.0
Polearms       | 1 2 4 6 8 |  8.3
Armour         | 1 2 3 |  3.0
Dodging        | 2 3 |  3.0
Necromancy     | 5 |  5.0
Ice Magic      | 1 3 4 |  4.1

Action                   |  1- 3 |  4- 6 |  7- 9 | 10-12 || total
-------------------------+-------+-------+-------+-------++-------
Melee: Unarmed           |    15 |       |       |       ||    15
       Trident           |       |    36 |    94 |   142 ||   272
       Punch             |       |     1 |     2 |     2 ||     5
 Fire: Sling             |       |    75 |       |       ||    75
 Cast: Necrotise         |    95 |    77 |   216 |    69 ||   457
       Vampiric Draining |       |     4 |    31 |    10 ||    45
       Animate Dead      |       |       |     2 |     4 ||     6
       Ozocubu's Armour  |       |       |     1 |     6 ||     7
Invok: Ancestor Life: Ba |       |       |       |     1 ||     1
       Recall Ancestor   |       |       |       |     1 ||     1
  Use: Scroll            |     2 |     7 |     4 |     3 ||    16
 Stab: Distracted        |       |       |     1 |       ||     1
Armor: Robe              |    19 |     1 |       |       ||    20
       Troll leather arm |       |    37 |    61 |    42 ||   140
Dodge: Dodged            |    21 |    70 |   156 |    62 ||   309

Table legend: (Time is in decaauts)
 A = Elapsed time spent in this place.
 B = Non-inter-level travel time spent in this place.
 C = Inter-level travel time spent in this place.
 D = Time resting spent in this place.
 E = Time spent auto-exploring this place.
 F = Levels seen in this place.
 G = Mean time per level.
                   A        B        C        D        E       F      G
               +--------+--------+--------+--------+--------+-----+--------+
         Total |   9510 |   9276 |    234 |    642 |   6488 |  12 |  792.5 |
       Dungeon |   8367 |   8147 |    220 |    319 |   6086 |  10 |  836.7 |
        Temple |    120 |    107 |     13 |      0 |     82 |   1 |  120.0 |
        Bailey |   1022 |   1022 |      0 |    323 |    320 |   1 | 1022.0 |
               +--------+--------+--------+--------+--------+-----+--------+

Top non-repeatable levels by time:
     D:1: 1250 daAuts
     D:2: 1235 daAuts
     D:9: 1045 daAuts
     D:6: 1040 daAuts
  Bailey: 1022 daAuts
     D:8: 952 daAuts
     D:4: 893 daAuts
     D:3: 871 daAuts
     D:7: 547 daAuts
     D:5: 526 daAuts
  Temple: 120 daAuts
    D:10: 3 daAuts
